 Dungeon Crawl Stone Soup version 0.31.0-11-ge490571c62 (webtiles) character file.

Game seed: 1894542752500357672

23 Amelense the Ruffian (level 2, 0/3 HPs)
             Began as a Troll Berserker on Feb 7, 2024.
             Was a Follower of Trog.
             Slain by a kobold
             ... wielding a +3 short sword
              (3 damage)
             ... on level 2 of the Dungeon.
             The game lasted 00:04:29 (701 turns).

Amelense the Ruffian (Troll Berserker)               Turns: 701, Time: 00:04:30

Health: 0/3        AC:  2    Str: 29    XL:     2   Next: 75%
Magic:  1/1        EV: 10    Int:  3    God:    Trog [*.....]
Gold:   48         SH:  0    Dex:  9    Spells: 1/1 levels left

rFire   . .          .
                       - Unarmed
rCold   . . .        (shield currently unavailable)
rNeg    . . .        a - melded +0 animal skin
rPois   +            (helmet currently unavailable)
rElec   .            (cloak currently unavailable)
rCorr   .            (gloves unavailable)
SInv    .            (boots unavailable)
Will    .....        (no amulet)
Stlth   +            (no ring)
HPRegen 1.00/turn    (no ring)
MPRegen 0.07/turn

%: no passive effects
@: snake-form
A: constrict, reduced hp, large, unfitting armour, (claws 3), regeneration 1,
(shaggy fur 1), (tough skin 1)
a: Begin Untransformation, Renounce Religion, Berserk


You were on level 2 of the Dungeon.
You worshipped Trog.
Trog was aware of your devotion.
You were an enormous serpent.
You visited 1 branch of the dungeon, and saw 2 of its levels.

You collected 48 gold pieces.

Inventory:

Hand Weapons
 b - the +1 trident of Pett {flame, MP+9}
   (You found it on level 2 of the Dungeon)

   MP+9:      It affects your magic capacity (+9).
Armour
 a - a +0 animal skin (melded)
Talismans
 i - a serpent talisman (active)
Scrolls
 d - a scroll of enchant armour {unknown}
 f - a scroll of teleportation {unknown}
 g - a scroll of identify {unknown}
 h - a scroll of fear {unknown}
Potions
 c - 2 potions of enlightenment {unknown}
 e - 2 potions of curing {unknown}


   Skills:
 + Level 2.6 Fighting
 + Level 2.6 Dodging
 * Level 3.6 Unarmed Combat


You had one spell level left.
You didn't know any spells.
Your spell library was empty.

Dungeon Overview and Level Annotations

Branches:
Dungeon (2/15)

Altars:


Innate Abilities, Weirdness & Mutations

You are an enormous serpent.
You have a powerful constriction melee attack.
Your maximum health is decreased, since you lack skill for your form.
Your armour is entirely melded.
You are incapable of wielding weapons or throwing items.
You are too large for most types of armour.
((You have claws for hands.))
Your natural rate of healing is unusually fast.
((You are covered in fur. (AC +1)))
((You have tough skin. (AC +1)))


Message History

You now have 25 gold pieces (gained 10).
g - a scroll labelled QIDATI LOOMAING
Found a stone staircase leading up.
You now have 39 gold pieces (gained 14).
Found a mace.
You now have 48 gold pieces (gained 9).
Found a sling.
You see here a +0 sling.
A dart slug comes into view.
The dart slug launches a dart at you. The slug dart hits you.
You claw the dart slug!
You kill the dart slug!
Trog accepts your kill.
You see here a +0 sling.
h - a scroll labelled RAUXIULARO
There is a stone staircase leading up here.
A goblin comes into view. It is wielding a +0 dagger.
The goblin shouts!
The goblin barely misses you.
You barely miss the goblin. The goblin hits you but does no damage.
You claw the goblin!
You kill the goblin!
Trog accepts your kill.
Things that are here:
a +0 dagger; a goblin corpse
There is a stone staircase leading up here.
You enter the shallow water.
Key pressed, stopping explore.
You see here a serpent talisman.
i - a serpent talisman You begin transforming.
You continue transforming. x3
You turn into an enormous serpent.
Your +0 animal skin melds into your body.
You enter the shallow water.
A kobold comes into view. It is wielding a +3 short sword.
The kobold shouts!
You hear a shout!
You hear a loud squeak.
You hear a shout!
The kobold hits you with a +3 short sword.
Ouch! That really hurt!
You die...

.#
#......##.#
.##
#..######.#
..#######...#
##..#
............#
#...# ###
..#########.#
#.........
### #.#
#..##.#... #
#.# ##.#.## #
# #.# ##K# #
#.####S## #
#.......# #
#####.#..# #
#....# #
###### #


You could see a kobold.

Vanquished Creatures
  An adder (D:2)
  A dart slug (D:2)
  An orc (D:2)
  An endoplasm (D:2)
  2 giant cockroaches (D:2)
  2 goblins (D:2)
  A ball python (D:2)
  A frilled lizard (D:2)
  A kobold (D:2)
  A rat (D:2)
12 creatures vanquished.

Notes
Turn   | Place    | Note
-------+----------+-------------------------------------------
     0 | D:1      | Amelense the Troll Berserker began the quest for the Orb.
     0 | D:1      | Reached XP level 1. HP: 22/22 MP: 0/0
    10 | D:1      | You fall into a shaft and drop 1 floor!
    46 | D:2      | Reached XP level 2. HP: 21/29 MP: 1/1
   184 | D:2      | Identified the +1 trident of Pett {flame, MP+9}
   701 | D:2      | Slain by a kobold

Illustrated notes

Levels and vault maps discovered:
D:1:      roadster_arrival_rocket_small, layout_rooms,
          shapermc_ecumenical_altar_petra
D:2:      cheibrodos_helix_gallery, layout_loops_ring, minmay_stone_trees_small,
          minmay_misc_feat_alley, minmay_tripent

Action                     || total
---------------------------++-------
  Melee: Unarmed           ||    18
 Armour: Animal skin       ||    11
         Skin              ||     1
  Dodge: Dodged            ||     6
   Form: Serpent           ||     1
